[ AOE2 MATCH · #506394922 ]
UnrankedKoreans vs Goths
Player's team · WIN
Rival team · LOSS
[ REPLAY ANALYSIS · EXTRACTED FROM THE RECORDED GAME ]
Feudal
9:03
Castle
22:26
Imperial
39:41
| APM avg | 55.2 |
| APM peak | 92 |
| eAPM avg | 28.6 |
| Villagers / military | 158 / 248 |
Focus
⚔️ 36.0% · 🌾 64.0%
Archer ×77 · Militia ×43 · Scout Cavalry ×42 · Fire Lancer ×37 · Skirmisher ×20 · Iron Pagoda ×15
Feudal
11:09
Castle
22:46
Imperial
41:51
| APM avg | 52.2 |
| APM peak | 98 |
| eAPM avg | 28.0 |
| Villagers / military | 207 / 237 |
Focus
⚔️ 39.5% · 🌾 60.5%
Hand Cannoneer ×86 · Skirmisher ×67 · Huskarl ×32 · Spearman ×26 · Mangonel ×10 · Trebuchet (Packed) ×5
Match map
Initial resources + every placement click. Lines = walls · curves = elevation contours. ◆ gold · ⬟ stone · ● berries · ✦ relic · ◌ wall gap
Your base· Open — 5t gap
hungyh's base· ✓ Closed at 22:46 · 1t walls · 1 gate(s)
Smoothed initial terrain · ◌ = detected wall gap · hover for details
Inputs per minute
— RD | Telematico - - hungyh
Build order — RD | Telematico
First 150 of 620 actions detected
| 0:00 | Queue | Villager (Male) |
| 0:00 | Queue | Villager (Male) |
| 0:01 | Queue | Villager (Male) |
| 0:01 | Queue | Villager (Male) |
| 0:02 | Build | House |
| 0:04 | Build | House |
| 1:20 | Queue | Villager (Male) |
| 1:20 | Queue | Villager (Male) |
| 1:52 | Queue | Villager (Male) |
| 1:52 | Queue | Villager (Male) |
| 1:54 | Build | Lumber Camp |
| 2:07 | Queue | Villager (Male) |
| 2:40 | Queue | Villager (Male) |
| 3:14 | Queue | Villager (Male) |
| 3:15 | Queue | Villager (Male) |
| 3:35 | Build | House |
| 3:40 | Queue | Villager (Male) |
| 3:40 | Queue | Villager (Male) |
| 3:40 | Queue | Villager (Male) |
| 4:35 | Queue | Villager (Male) |
| 4:58 | Queue | Villager (Male) |
| 4:59 | Queue | Villager (Male) |
| 4:59 | Queue | Villager (Male) |
| 5:20 | Build | Barracks |
| 5:25 | Build | Barracks |
| 5:32 | Queue | Villager (Male) |
| 5:57 | Research | Loom |
| 6:02 | Build | House |
| 6:53 | Research | Feudal Age |
| 6:54 | Research | Feudal Age |
| 7:18 | Queue | Militia |
| 7:18 | Queue | Militia |
| 7:52 | Build | Mill |
| 8:26 | Build | House |
| 8:34 | Build | Palisade Wall |
| 8:37 | Build | House |
| 8:45 | Build | Palisade Wall |
| 8:49 | Build | House |
| 9:00 | Queue | Villager (Male) |
| 9:00 | Queue | Villager (Male) |
| 9:03 | Age | Feudal Age |
| 9:15 | Build | Archery Range |
| 9:40 | Queue | Villager (Male) |
| 9:46 | Research | Double-Bit Axe |
| 10:13 | Queue | Villager (Male) |
| 10:22 | Build | Mining Camp |
| 10:27 | Build | Palisade Wall |
| 10:37 | Queue | Villager (Male) |
| 10:55 | Queue | Villager (Male) |
| 11:22 | Queue | Villager (Male) |
| 11:25 | Queue | Archer |
| 11:25 | Queue | Archer |
| 11:38 | Queue | Villager (Male) |
| 11:42 | Build | Farm |
| 11:45 | Build | House |
| 11:47 | Build | Palisade Wall |
| 12:20 | Queue | Archer |
| 12:32 | Queue | Villager (Male) |
| 12:32 | Queue | Villager (Male) |
| 12:32 | Queue | Villager (Male) |
| 12:37 | Build | Farm |
| 12:38 | Build | Farm |
| 12:38 | Build | Farm |
| 12:38 | Build | Farm |
| 12:38 | Build | Farm |
| 13:09 | Queue | Archer |
| 13:14 | Build | Archery Range |
| 13:16 | Queue | Villager (Male) |
| 13:20 | Build | House |
| 13:24 | Build | Palisade Wall |
| 13:39 | Queue | Archer |
| 13:46 | Build | Palisade Wall |
| 13:51 | Build | Blacksmith |
| 13:52 | Queue | Villager (Male) |
| 13:52 | Queue | Villager (Male) |
| 13:53 | Queue | Villager (Male) |
| 13:57 | Build | Farm |
| 14:00 | Build | House |
| 14:23 | Build | House |
| 14:34 | Queue | Archer |
| 14:35 | Queue | Archer |
| 14:35 | Queue | Archer |
| 14:41 | Queue | Villager (Male) |
| 15:01 | Queue | Villager (Male) |
| 15:06 | Build | Farm |
| 15:07 | Build | Farm |
| 15:12 | Build | Farm |
| 15:13 | Queue | Villager (Male) |
| 15:23 | Build | House |
| 15:31 | Build | Palisade Wall |
| 15:38 | Queue | Villager (Male) |
| 15:40 | Build | Farm |
| 15:46 | Research | Fletching |
| 15:46 | Research | Fletching |
| 15:47 | Queue | Archer |
| 15:47 | Queue | Archer |
| 15:47 | Queue | Archer |
| 15:47 | Queue | Archer |
| 15:55 | Queue | Archer |
| 16:25 | Queue | Villager (Male) |
| 16:26 | Build | Farm |
| 16:28 | Build | Farm |
| 17:02 | Build | Farm |
| 17:04 | Build | Farm |
| 17:05 | Queue | Villager (Male) |
| 17:20 | Build | Stable |
| 17:54 | Queue | Villager (Male) |
| 18:12 | Build | Market |
| 18:22 | Queue | Villager (Male) |
| 18:58 | Queue | Scout Cavalry |
| 18:58 | Queue | Scout Cavalry |
| 19:09 | Queue | Villager (Male) |
| 19:25 | Research | Scale Barding Armor |
| 19:30 | Build | Watch Tower |
| 19:46 | Research | Castle Age |
| 19:46 | Research | Castle Age |
| 19:57 | Build | Lumber Camp |
| 20:40 | Queue | Archer |
| 20:40 | Queue | Archer |
| 20:52 | Queue | Scout Cavalry |
| 20:53 | Queue | Scout Cavalry |
| 21:54 | Queue | Scout Cavalry |
| 22:14 | Queue | Villager (Male) |
| 22:26 | Age | Castle Age |
| 22:42 | Build | Town Center |
| 22:43 | Queue | Villager (Male) |
| 22:44 | Queue | Villager (Male) |
| 22:47 | Research | Bow Saw |
| 22:49 | Research | Crossbowman (upgrade) |
| 22:50 | Research | Crossbowman (upgrade) |
| 23:03 | Queue | Archer |
| 23:03 | Queue | Archer |
| 23:05 | Queue | Villager (Male) |
| 23:09 | Queue | Fire Lancer |
| 23:09 | Queue | Fire Lancer |
| 23:09 | Queue | Fire Lancer |
| 23:14 | Queue | Villager (Male) |
| 23:18 | Build | Lumber Camp |
| 23:30 | Queue | Archer |
| 23:30 | Queue | Archer |
| 23:30 | Queue | Archer |
| 23:31 | Queue | Villager (Male) |
| 23:31 | Queue | Villager (Male) |
| 23:43 | Build | Farm |
| 23:47 | Build | Farm |
| 23:57 | Queue | Archer |
| 23:57 | Queue | Archer |
| 23:57 | Queue | Archer |
| 24:00 | Build | Archery Range |
| 24:02 | Build | House |
Build order — hungyh
First 150 of 508 actions detected
| 0:01 | Queue | Villager (Male) |
| 0:01 | Queue | Villager (Male) |
| 0:02 | Build | House |
| 0:03 | Build | House |
| 0:08 | Queue | Villager (Male) |
| 0:08 | Queue | Villager (Male) |
| 0:09 | Queue | Villager (Male) |
| 0:13 | Research | Loom |
| 0:15 | Queue | Villager (Male) |
| 0:16 | Queue | Villager (Male) |
| 0:16 | Queue | Villager (Male) |
| 1:26 | Queue | Villager (Male) |
| 1:27 | Queue | Villager (Male) |
| 1:56 | Queue | Villager (Male) |
| 2:15 | Build | House |
| 2:25 | Queue | Villager (Male) |
| 2:26 | Queue | Villager (Male) |
| 2:49 | Build | Lumber Camp |
| 2:55 | Queue | Villager (Male) |
| 2:55 | Queue | Villager (Male) |
| 3:37 | Queue | Villager (Male) |
| 3:37 | Queue | Villager (Male) |
| 4:35 | Queue | Villager (Male) |
| 4:35 | Queue | Villager (Male) |
| 4:35 | Queue | Villager (Male) |
| 4:39 | Queue | Villager (Male) |
| 5:17 | Build | Barracks |
| 5:45 | Build | House |
| 5:58 | Queue | Villager (Male) |
| 5:59 | Queue | Villager (Male) |
| 6:28 | Queue | Militia |
| 6:28 | Queue | Militia |
| 6:38 | Build | House |
| 6:47 | Queue | Villager (Male) |
| 7:03 | Build | Mill |
| 7:09 | Queue | Militia |
| 7:18 | Queue | Villager (Male) |
| 7:55 | Queue | Villager (Male) |
| 8:10 | Build | Mill |
| 8:21 | Queue | Villager (Male) |
| 8:52 | Build | House |
| 8:59 | Research | Feudal Age |
| 8:59 | Research | Feudal Age |
| 9:10 | Queue | Villager (Male) |
| 10:15 | Queue | Villager (Male) |
| 10:22 | Build | Mining Camp |
| 10:26 | Build | House |
| 10:37 | Build | House |
| 10:39 | Build | Palisade Wall |
| 10:46 | Build | House |
| 10:48 | Queue | Villager (Male) |
| 11:09 | Age | Feudal Age |
| 11:12 | Queue | Villager (Male) |
| 11:15 | Build | Archery Range |
| 11:28 | Queue | Villager (Male) |
| 11:44 | Build | Blacksmith |
| 11:50 | Queue | Villager (Male) |
| 11:51 | Queue | Villager (Male) |
| 11:52 | Queue | Villager (Male) |
| 12:05 | Queue | Villager (Male) |
| 12:07 | Research | Double-Bit Axe |
| 12:08 | Research | Double-Bit Axe |
| 12:13 | Research | Horse Collar |
| 12:14 | Research | Horse Collar |
| 12:21 | Queue | Villager (Male) |
| 12:23 | Build | Farm |
| 12:34 | Build | Farm |
| 13:05 | Queue | Spearman |
| 13:05 | Queue | Spearman |
| 13:10 | Queue | Skirmisher |
| 13:10 | Queue | Skirmisher |
| 13:10 | Queue | Villager (Male) |
| 13:13 | Build | Farm |
| 13:46 | Queue | Villager (Male) |
| 13:48 | Queue | Skirmisher |
| 13:49 | Queue | Skirmisher |
| 13:53 | Research | Fletching |
| 13:53 | Research | Fletching |
| 13:53 | Research | Fletching |
| 14:10 | Build | Lumber Camp |
| 14:15 | Queue | Villager (Male) |
| 14:19 | Build | Farm |
| 14:24 | Queue | Archer |
| 14:36 | Queue | Villager (Male) |
| 14:38 | Build | Farm |
| 14:44 | Build | House |
| 14:59 | Queue | Skirmisher |
| 15:00 | Queue | Skirmisher |
| 15:01 | Queue | Villager (Male) |
| 15:18 | Build | House |
| 15:18 | Build | House |
| 15:31 | Build | House |
| 15:33 | Queue | Villager (Male) |
| 15:38 | Queue | Skirmisher |
| 15:48 | Research | Padded Archer Armor |
| 15:48 | Research | Padded Archer Armor |
| 15:54 | Build | House |
| 15:55 | Build | House |
| 16:00 | Queue | Villager (Male) |
| 16:04 | Build | Farm |
| 16:05 | Build | Farm |
| 16:08 | Build | House |
| 16:18 | Build | House |
| 16:22 | Queue | Skirmisher |
| 16:22 | Queue | Skirmisher |
| 16:46 | Queue | Villager (Male) |
| 16:49 | Build | Farm |
| 16:51 | Build | Farm |
| 16:55 | Queue | Skirmisher |
| 17:00 | Build | House |
| 17:06 | Build | Farm |
| 17:06 | Build | Farm |
| 17:08 | Build | Farm |
| 17:17 | Queue | Skirmisher |
| 17:20 | Build | House |
| 17:27 | Queue | Villager (Male) |
| 17:30 | Build | House |
| 17:40 | Queue | Villager (Male) |
| 17:43 | Queue | Skirmisher |
| 17:43 | Queue | Skirmisher |
| 17:52 | Build | House |
| 17:59 | Build | Farm |
| 18:00 | Build | Farm |
| 18:03 | Build | Farm |
| 18:03 | Build | Farm |
| 18:18 | Build | House |
| 18:22 | Queue | Villager (Male) |
| 18:33 | Queue | Skirmisher |
| 18:38 | Build | House |
| 18:40 | Build | House |
| 18:52 | Build | Market |
| 19:08 | Build | House |
| 19:17 | Queue | Villager (Male) |
| 19:34 | Queue | Spearman |
| 19:35 | Queue | Spearman |
| 19:59 | Build | House |
| 20:06 | Research | Castle Age |
| 20:06 | Research | Castle Age |
| 20:16 | Build | Lumber Camp |
| 20:27 | Queue | Spearman |
| 20:41 | Queue | Villager (Male) |
| 20:52 | Queue | Villager (Male) |
| 21:15 | Queue | Spearman |
| 21:23 | Build | Palisade Gate |
| 21:26 | Build | House |
| 21:32 | Queue | Militia |
| 21:53 | Build | House |
| 22:06 | Queue | Spearman |
| 22:15 | Queue | Villager (Male) |
| 22:25 | Queue | Spearman |
Match timeline
| 5:17 | hungyh · first_building Barracks |
| 5:20 | RD | Telematico · first_building Barracks |
| 8:34 | RD | Telematico · wall_segment Palisade Wall x9 |
| 8:45 | RD | Telematico · wall_segment Palisade Wall x6 |
| 9:03 | RD | Telematico · age_up feudal |
| 9:15 | RD | Telematico · first_building Archery Range |
| 10:27 | RD | Telematico · wall_segment Palisade Wall x1 |
| 10:39 | hungyh · wall_segment Palisade Wall x1 |
| 11:09 | hungyh · age_up feudal |
| 11:15 | hungyh · first_building Archery Range |
| 11:47 | RD | Telematico · wall_segment Palisade Wall x1 |
| 13:24 | RD | Telematico · wall_segment Palisade Wall x10 |
| 13:46 | RD | Telematico · wall_segment Palisade Wall x6 |
| 15:31 | RD | Telematico · wall_segment Palisade Wall x1 |
| 17:20 | RD | Telematico · first_building Stable |
| 19:13 | RD | Telematico · first_market_buy 100 food |
| 19:45 | hungyh · first_market_buy 100 food |
| 19:47 | hungyh · first_market_sell 100 wood |
| 22:26 | RD | Telematico · age_up castle |
| 22:46 | hungyh · age_up castle |
| 23:59 | hungyh · first_building Monastery |
| 25:12 | RD | Telematico · first_building Monastery |
| 25:16 | RD | Telematico · first_building Siege Workshop |
| 26:30 | hungyh · first_building Siege Workshop |
| 34:38 | RD | Telematico · first_market_sell 100 wood |
| 34:45 | hungyh · first_building Castle |
| 37:35 | RD | Telematico · first_building Castle |
| 39:41 | RD | Telematico · age_up imperial |
| 41:51 | hungyh · age_up imperial |
| 52:12 | hungyh · resign |
[ AI ANALYSIS · 1 CREDIT ]
What really happened in this match?
Wolo.gg analyzes every decision: build order, eco, micro, common mistakes by bracket. Personalized analysis on WhatsApp or Discord in 30 seconds.
Civ guide
Koreans
Perfil
Jugador #19548945